 Dungeon Crawl Stone Soup version 0.25.1-2-g60ff931df9 (webtiles) character file.

Game seed: 7624539625735603487

139297 Drachen the Fencer (level 16, -3/132 HPs)
             Began as a Demigod Gladiator on Oct 24, 2020.
             Collided with a briar patch (7 damage)
             ... caused by a swamp worm
             ... on level 3 of the Swamp.
             The game lasted 02:11:09 (39830 turns).

Drachen the Fencer (Demigod Gladiator)             Turns: 39830, Time: 02:11:12

Health: -3/132     AC: 22    Str: 28    XL:     16   Next: 22%
Magic:  0/23       EV: 21    Int: 12    God:
Gold:   379        SH:  6    Dex: 24    Spells: 15/15 levels left

rFire    + + +     SeeInvis .   p - +2 scimitar (protect)
rCold    x . .     Gourm    .   J - +0 buckler
rNeg     . . .     Faith    .   X - +2 chain mail of Damareme {rPois rF+ Str+3}
rPois    +         Spirit   +   c - +0 helmet
rElec    +         Reflect  .   h - +0 cloak {rPois}
rCorr    .         Harm     .   S - +0 pair of gloves
MR       +....                  y - +2 pair of boots
Stlth    +.........             T - amulet "Gaynt" {Spirit *Contam +Blink Dex+5 Stlth+}
HPRegen  0.32/turn              g - ring of protection from fire
MPRegen  0.18/turn              Z - ring of fire

@: slowed, very slow
A: rugged brown scales 1, high mp 1, electricity resistance
a: Evoke Blink


You were on level 3 of the Swamp.
You were hungry.

You visited 4 branches of the dungeon, and saw 25 of its levels.

You collected 3163 gold pieces.
You spent 2784 gold pieces at shops.

Inventory:

Hand Weapons
 i - a +1 long sword of flaming
 p - a +2 scimitar of protection (weapon)
 D - a +3 scimitar of holy wrath
Missiles
 k - 10 curare-tipped darts
 L - a throwing net
 M - 18 boomerangs (quivered)
 O - a javelin
Armour
 c - a +0 helmet (worn)
 d - a +1 cloak of magic resistance
 h - a +0 cloak of poison resistance (worn)
 w - a scarf of resistance
 y - a +2 pair of boots (worn)
 J - a +0 buckler (worn)
 P - the +9 ice dragon scales "Hyxiczer" {rF- rC++ Str+3 Dex-4}
   (You bought it in a shop on level 2 of the Orcish Mines)

   It affects your strength (+3).
   It affects your dexterity (-4).
   It makes you vulnerable to fire.
   It greatly protects you from cold.
 S - a +0 pair of gloves (worn)
 U - a +1 cloak of preservation
 X - the +2 chain mail of Damareme (worn) {rPois rF+ Str+3}
   (You bought it in a shop on level 2 of the Orcish Mines)

   It affects your strength (+3).
   It protects you from fire.
   It protects you from poison.
Jewellery
 g - a ring of protection from fire (left hand)
 o - an uncursed ring of poison resistance
 u - an uncursed ring of resist corrosion
 z - a +6 ring of dexterity
 T - the amulet "Gaynt" (around neck) {Spirit *Contam +Blink Dex+5 Stlth+}
   (You found it on level 1 of the Lair of Beasts)

   [amulet of guardian spirit]

   It causes incoming damage to be split between your health and magic.
   It affects your dexterity (+5).
   It lets you blink.
   It causes magical contamination when unequipped.
   It makes you more stealthy.
 Y - a +4 ring of evasion
 Z - a ring of fire (right hand)
Wands
 a - a wand of acid (6)
 l - a wand of flame (70)
 I - a wand of paralysis (22)
 V - a wand of digging (5)
Scrolls
 b - 3 scrolls of enchant armour
 e - 3 scrolls of magic mapping
 m - 10 scrolls of remove curse
 B - 12 scrolls of teleportation
 C - a scroll of acquirement
 E - 6 scrolls of fog
 F - 2 scrolls of identify
 G - 7 scrolls of enchant weapon
 H - 2 scrolls of blinking
 Q - a scroll of brand weapon
Potions
 j - 5 potions of haste
 n - a potion of magic {unknown}
 r - 4 potions of heal wounds
 s - 3 potions of cancellation
 t - 3 potions of flight
 v - a potion of might
 x - a potion of berserk rage
 A - 11 potions of curing
 N - 4 potions of stabbing
 R - 4 potions of invisibility
Miscellaneous
 q - a lightning rod (3/4)
Comestibles
 f - 46 rations


   Skills:
 + Level 8.4 Fighting
 + Level 15.3 Long Blades
 - Level 12.0 Throwing
 + Level 10.1 Armour
 + Level 14.5 Dodging
 - Level 2.0 Stealth
 - Level 4.0 Shields
 - Level 5.0 Evocations


You had 15 spell levels left.
You didn't know any spells.
Your spell library contained the following spells:

 Spells                   Type           Power        Failure   Level  Hunger
 Animate Skeleton         Necr           N/A          80%         1    ##.....
 Beastly Appendage        Tmut           #.....       80%         1    ##.....
 Foxfire                  Conj/Fire      #...         80%         1    ##.....
 Infusion                 Chrm           #...         80%         1    ##.....
 Pain                     Necr           #...         80%         1    ##.....
 Sandblast                Erth           #.....       80%         1    ##.....
 Shock                    Conj/Air       #...         80%         1    ##.....
 Summon Butterflies       Summ           #.......     80%         1    ##.....
 Summon Small Mammal      Summ           #...         80%         1    ##.....
 Call Imp                 Summ           #.......     91%         2    ###....
 Ensorcelled Hibernation  Hex/Ice        #.....       91%         2    ###....
 Passwall                 Tmut/Erth      #.......     91%         2    ###....
 Poisonous Vapours        Pois/Air       #.....       91%         2    ###....
 Shroud of Golubria       Chrm/Tloc      #.....       91%         2    ###....
 Sticks to Snakes         Tmut           #.......     91%         2    ###....
 Swiftness                Chrm/Air       #.......     91%         2    ###....
 Call Canine Familiar     Summ           #.......     99%         3    ####...
 Conjure Flame            Conj/Fire      #.......     99%         3    ####...
 Mephitic Cloud           Conj/Pois/Air  #.......     99%         3    ####...
 Spider Form              Tmut/Pois      #.........   99%         3    ####...
 Static Discharge         Conj/Air       #.......     99%         3    ####...
 Stone Arrow              Conj/Erth      #.....       99%         3    ####...
 Summon Guardian Golem    Hex/Summ       #.......     99%         3    ####...
 Vampiric Draining        Necr           #.........   99%         3    ####...
 Airstrike                Air            #.........   100%        4    #####..
 Animate Dead             Necr           N/A          100%        4    #####..
 Ice Form                 Ice/Tmut       #.......     100%        4    #####..
 Petrify                  Tmut/Erth      #.......     100%        4    #####..
 Summon Ice Beast         Ice/Summ       #.......     100%        4    #####..
 Summon Lightning Spire   Summ/Air       #.......     100%        4    #####..
 Agony                    Necr           #.......     100%        5    ######.
 Blade Hands              Tmut           #.........   100%        5    ######.
 Borgnjor's Vile Clutch   Necr/Erth      #.........   100%        5    ######.
 Lee's Rapid Deconstruct  Erth           #.........   100%        5    ######.
 Lightning Bolt           Conj/Air       #.........   100%        5    ######.
 Silence                  Hex/Air        #.........   100%        5    ######.
 Summon Mana Viper        Hex/Summ       #.......     100%        5    ######.
 Conjure Ball Lightning   Conj/Air       #.........   100%        6    #######
 Darkness                 Hex            #.........   100%        6    #######
 Freezing Cloud           Conj/Ice/Air   #.........   100%        6    #######
 Shadow Creatures         Summ           N/A          100%        6    #######
 Ring of Flames           Chrm/Fire      #.........   100%        7    #######
 Summon Hydra             Summ           #.........   100%        7    #######
 Ignition                 Fire           #.........   100%        8    #######
 Shatter                  Erth           #.........   100%        9    #######
 Tornado                  Air            #.........   100%        9    #######


Dungeon Overview and Level Annotations

Branches:
Dungeon (14/15)            Temple (0/1) D:6            Lair (6/6) D:8
  Swamp (3/4) Lair:4        Snake (0/4) Lair:4        Slime (0/5) Lair:5
    Orc (2/2) D:12            Elf (0/3) Orc:2        Vaults (0/5) D:14

Shops:
D:4 [   D:6 [   D:7 *   D:9 *   Orc:2 *[(

Annotations:
D:3 Blork the orc
Lair:5 1 runed translucent door
Swamp:3 1 transporter


Innate Abilities, Weirdness & Mutations

You have an increased reservoir of magic. (+10% MP)
You are partially covered in rugged brown scales. (AC +1, +3% HP)
You are resistant to electric shocks. (rElec)


Message History

You violently stop moving!
* * * LOW HITPOINT WARNING * * *
The swamp worm fires a harpoon shot at you.
You block the harpoon shot.
The swamp worm fires a harpoon shot at you.
The harpoon shot hits you but does no damage.
You feel much better.
The swamp worm fires a harpoon shot at you.
The harpoon shot hits you!
* * * LOW HITPOINT WARNING * * *
You are yanked forward by the harpoon shot.
You collide with the briar patch!
* * * LOW HITPOINT WARNING * * *
The swamp worm fires a harpoon shot at you.
The harpoon shot hits you!
* * * LOW HITPOINT WARNING * * *
You are yanked forward by the harpoon shot.
You collide with the briar patch!
The briar patch is destroyed!
You die...

≈♣♣♣♣.≈≈.≈≈..≈≈♣♣♣♣♣.≈≈≈≈.♣♣♣.≈≈≈
.≈≈♣♣♣.≈....≈♣♣♣♣≈.♣≈≈≈≈..≈♣♣≈≈≈≈
.≈≈..≈§.<..≈♣♣♣♣♣≈.≈≈≈≈....§≈.≈≈≈
.≈≈≈≈≈..≈♣.♣♣♣...................
.≈≈≈≈♣...♣.♣♣♣.#################.
..≈≈.≈♣†.♣≈....#.#♣#♣#.#.#♣#.#.##
.≈≈≈.♣♣..♣♣.####≈§≈≈≈#≈≈≈≈§#≈§≈≈#
.≈≈≈≈..≈≈≈♣.#[[#PPPP.☼....§°....P
≈≈≈≈≈≈≈≈≈≈≈©#©!+@^^^^^^^^^^^^^^^©
≈≈≈≈≈.≈≈≈≈..#=)#§§○PPPPP°PPPPPPPP
♣≈.≈≈..≈≈≈..####§≈#§≈≈§≈#≈§§≈≈§§#
♣.≈≈≈..≈≈≈≈....##w#.#♣#♣#†#♣#♣###
..≈≈≈....≈≈≈..≈#################.
..≈≈≈≈♣♣≈.≈≈§≈≈..................
♣.≈≈≈.♣♣≈..≈.≈≈...≈.≈.≈≈......♣♣.
.≈≈≈≈.♣♣≈.≈.....>≈..≈≈≈...≈.≈≈.♣.
≈≈≈≈≈.♣≈≈...≈.......>.≈≈≈.≈≈≈≈..♣


You could see a swamp worm.

Vanquished Creatures
  Kirke (Swamp:1)
  2 orc warlords (Orc:2)
  A death ooze (Lair:1)
  Snorg (D:14)
  13 hydras
  A ghost crab (Swamp:3)
  2 shambling mangroves
  A catoblepas (D:13)
  A death knight (D:12)
  An ogre mage (D:14)
  6 two-headed ogres
  17 alligators
  5 orc high priests (Orc:2)
  The ghost of raetorn the Covert, a journeyman VSBe of Trog (D:10)
  2 spriggan druids
  2 skeletal warriors
  An unseen horror (D:13)
  The ghost of Gamoe the Thaumaturge, a novice SpVM of Gozag (Lair:1)
  2 swamp dragons (Swamp:3)
  5 deep elf archers
  5 orc knights
  2 phantasmal warriors (D:13)
  7 orc sorcerers (Orc:2)
  18 deep elf magi
  12 ugly things
  A wolf spider zombie (D:14)
  9 elephants
  4 oklob plants (Lair:3)
  A cyclops (D:14)
  A moth of wrath (D:10)
  A moth of wrath (shapeshifter) (D:12)
  14 spiny frogs
  3 black mambas
  An ice statue (D:11)
  5 yaktaurs (D:14)
  6 ice devils (D:11)
  8 komodo dragons
  9 tyrant leeches
  3 meliai (D:13)
  2 trolls
  A queen bee (D:13)
  Grinder (D:4)
  The ghost of DogServant the Insei, an amateur MfTm (D:4)
  15 hornets
  The ghost of mmigdal the Firebug, an amateur DsFE (D:4)
  The ghost of Johnny the Digger, an amateur DgEE (D:4)
  8 polar bears
  5 bog bodies
  27 blink frogs
  24 slime creatures
  10 hippogriffs
  18 dream sheep (Lair:6)
  Sigmund (D:5)
  2 shadows
  3 wyverns
  22 spriggans
  36 yaks
  A redback (D:10)
  A vampire (D:14)
  A basilisk (Lair:6)
  A fire elemental (Lair:3)
  Grum (Lair:1)
  A human (Swamp:1)
  3 hungry ghosts
  12 vampire mosquitoes
  3 hogs (Swamp:1)
  Menkaure (D:4)
  19 swamp worms
  8 insubstantial wisps
  A naga (Lair:4)
  2 soldier ants (D:10)
  2 acid dragons
  12 water moccasins
  3 wargs
  7 porcupines
  An ice beast (D:5)
  Duvessa (D:4)
  14 black bears
  2 swamp drakes
  3 phantoms
  3 sky beasts
  32 orc warriors
  4 boggarts (Lair:6)
  10 ogres
  38 wolves
  3 centaurs
  11 crocodiles
  5 big kobolds
  16 bullfrogs
  A gnoll sergeant (D:8)
  A wyvern zombie (D:13)
  Dowan (D:4)
  A scorpion (D:7)
  24 killer bees
  3 troll zombies (D:12)
  10 wights
  The ghost of Toogi the Grave Robber, a weakling DsNe (D:3)
  5 electric eels (Lair:3)
  6 howler monkeys
  A lava snake (Lair:3)
  7 crimson imps
  A quasit (D:12)
  7 centaur skeletons
  6 centaur zombies
  5 hounds
  21 orc priests
  Crazy Yiuf (D:6)
  10 jellies
  25 orc wizards
  4 bullfrog skeletons
  5 iguanas
  9 worker ants
  5 ogre zombies (D:12)
  A hound zombie (D:8)
  19 gnolls
  24 adders
  6 shadow imps
  6 ufetubi (D:11)
  6 oozes
  2 adder skeletons
  5 worms
  5 leopard geckos
  80 orcs
  13 giant cockroaches
  14 hobgoblins
  8 jackals
  7 quokkas
  2 ball pythons
  4 bats
  12 frilled lizards
  10 goblins
  2 goblin skeletons (D:12)
  3 goblin zombies (D:12)
  A hobgoblin skeleton (D:12)
  4 hobgoblin zombies (D:12)
  25 kobolds
  A leopard gecko zombie (D:6)
  3 orc skeletons (D:12)
  12 orc zombies (D:12)
  11 rats
  11 briar patches (Swamp:3)
  2 plants
1035 creatures vanquished.

Vanquished Creatures (others)
  A hydra (Swamp:3)
  A blink frog (Swamp:3)
  A human (Swamp:1)
  3 swamp worms (Swamp:3)
  A swamp drake (Swamp:3)
  An orc priest (Orc:2)
  A worker ant (D:4)
  An orc (Orc:2)
  A briar patch (Swamp:3)
  22 fungi
  20 plants
  4 withered plants (D:4)
57 creatures vanquished.

Grand Total: 1092 creatures vanquished

Notes
Turn   | Place    | Note
-------+----------+-------------------------------------------
     0 | D:1      | Drachen the Demigod Gladiator began the quest for the Orb.
     0 | D:1      | Reached XP level 1. HP: 17/17 MP: 3/3
   264 | D:1      | Reached XP level 2. HP: 24/24 MP: 4/4
   484 | D:1      | Reached skill level 3 in Long Blades
   769 | D:2      | Reached skill level 1 in Armour
   770 | D:2      | Reached XP level 3. HP: 28/29 MP: 5/5
  1081 | D:2      | Found a stormy altar of Qazlal.
  1501 | D:2      | Reached XP level 4. HP: 36/36 MP: 6/6
  2628 | D:3      | Reached XP level 5. HP: 33/41 MP: 7/7
  2876 | D:3      | Found a sparkling altar of Nemelex Xobeh.
  2904 | D:3      | Noticed Blork the orc
  2923 | D:3      | Found a shimmering blue altar of Sif Muna.
  3367 | D:3      | Found a large runed translucent door.
  3368 | D:3      | Found a large runed translucent door.
  3368 | D:3      | Noticed Toogi's ghost (weakling DsNe)
  3439 | D:3      | HP: 1/41 [gnoll/+1 flail of protection (7)]
  4377 | D:3      | Killed Toogi's ghost
  4377 | D:3      | Reached XP level 6. HP: 18/48 MP: 8/8
  4588 | D:4      | Noticed Menkaure
  4600 | D:4      | Killed Menkaure
  4600 | D:4      | Reached skill level 4 in Long Blades
  4770 | D:4      | Found a runed translucent gate.
  4770 | D:4      | Found a runed translucent gate.
  4770 | D:4      | Found a runed translucent gate.
  4770 | D:4      | Noticed mmigdal's ghost (amateur DsFE)
  4770 | D:4      | Noticed Johnny's ghost (amateur DgEE)
  4770 | D:4      | Noticed DogServant's ghost (amateur MfTm)
  5062 | D:4      | Noticed Grinder
  5076 | D:4      | Paralysed by Grinder for 6 turns
  5094 | D:4      | Paralysed by Grinder for 2 turns
  5100 | D:4      | Killed Grinder
  5100 | D:4      | Reached XP level 7. HP: 54/55 MP: 9/9
  5472 | D:4      | Reached skill level 5 in Long Blades
  5472 | D:4      | Reached skill level 5 in Dodging
  5640 | D:4      | Found Coucsog's Armour Boutique.
  5642 | D:4      | Noticed Duvessa
  5642 | D:4      | Noticed Dowan
  5660 | D:4      | Killed Duvessa
  5667 | D:4      | Killed Dowan
  5667 | D:4      | Reached skill level 5 in Throwing
  6242 | D:5      | Entered Level 5 of the Dungeon
  6480 | D:5      | Noticed Sigmund
  6610 | D:5      | Killed Sigmund
  6610 | D:5      | Reached XP level 8. HP: 44/61 MP: 10/10
  7031 | D:5      | Reached skill level 6 in Long Blades
  8001 | D:6      | Found Lition's Armour Shop.
  8008 | D:6      | Bought a +0 buckler for 54 gold pieces
  8552 | D:6      | Found a staircase to the Ecumenical Temple.
  8721 | D:6      | Found a runed translucent door.
  8722 | D:6      | Noticed Crazy Yiuf
  8745 | D:6      | Killed Crazy Yiuf
  9067 | D:7      | Noticed a green ugly thing
  9109 | D:6      | Killed a green ugly thing
  9109 | D:6      | Reached skill level 1 in Shields
  9109 | D:6      | Reached XP level 9. HP: 28/67 MP: 11/11
  9468 | D:7      | Reached skill level 7 in Long Blades
  9480 | D:7      | Found a blossoming altar of Fedhas.
 10045 | D:7      | Found Wosieq's Assorted Antiques.
 10054 | D:7      | Bought a scroll of identify for 44 gold pieces
 10057 | D:7      | Gained mutation: You are partially covered in rugged brown
                  | scales. (AC +1, +3% HP) [potion of mutation]
 10057 | D:7      | Gained mutation: You are resistant to electric shocks.
                  | (rElec) [potion of mutation]
 10631 | D:8      | Reached skill level 8 in Long Blades
 10782 | D:8      | Reached XP level 10. HP: 75/75 MP: 13/13
 10966 | D:8      | Found a staircase to the Lair.
 11233 | D:9      | Found an opulent altar of Gozag.
 11233 | D:9      | Found Gozag's Platinum Reserve.
 11732 | D:9      | Found a bloodstained altar of Trog.
 11732 | D:9      | Found an iron altar of Okawaru.
 12021 | D:10     | Entered Level 10 of the Dungeon
 12381 | D:10     | Noticed a two-headed ogre
 12393 | D:10     | Killed a two-headed ogre
 12393 | D:10     | Reached skill level 9 in Long Blades
 12786 | D:10     | Found a transporter.
 12791 | D:10     | Noticed a moth of wrath
 12801 | D:10     | Found a transporter.
 12818 | D:10     | Noticed raetorn's ghost (journeyman VSBe)
 13214 | D:10     | Killed a moth of wrath
 13263 | D:10     | Killed raetorn's ghost
 13595 | D:11     | Noticed a cyan ugly thing
 13826 | D:4      | Killed DogServant's ghost
 13838 | D:4      | Killed mmigdal's ghost
 13838 | D:4      | Reached skill level 5 in Armour
 13848 | D:4      | Killed Johnny's ghost
 13848 | D:4      | Reached XP level 11. HP: 76/87 MP: 14/14
 14122 | Lair:1   | Entered Level 1 of the Lair of Beasts
 14397 | Lair:1   | Identified the Tome of Conjuration and Enhancements
 14556 | Lair:1   | Reached skill level 5 in Fighting
 14750 | Lair:1   | Got a faintly glowing brass amulet
 14757 | Lair:1   | Identified the amulet "Gaynt" {Spirit *Contam +Blink Dex+5
                  | Stlth+} (You found it on level 1 of the Lair of Beasts)
 14936 | Lair:1   | Noticed Grum
 14951 | Lair:1   | Killed Grum
 14963 | Lair:1   | Reached skill level 10 in Long Blades
 15347 | Lair:1   | Found a runed translucent gate.
 15348 | Lair:1   | Found a runed translucent gate.
 15349 | Lair:1   | Found a runed translucent gate.
 15350 | Lair:1   | Noticed Gamoe's ghost (novice SpVM)
 15350 | Lair:1   | Noticed a death ooze
 15352 | Lair:1   | Found a viscous altar of Jiyva.
 15420 | Lair:1   | Killed Gamoe's ghost
 15521 | Lair:1   | Killed a death ooze
 16149 | Lair:1   | Noticed a four-headed hydra
 16185 | Lair:1   | Killed a four-headed hydra
 16185 | Lair:1   | Reached skill level 10 in Dodging
 16436 | Lair:1   | Reached skill level 11 in Long Blades
 16907 | Lair:2   | Reached XP level 12. HP: 80/96 MP: 11/15
 17017 | Lair:2   | Reached skill level 12 in Long Blades
 17796 | Lair:2   | Noticed a four-headed hydra
 17817 | Lair:2   | Killed a five-headed hydra
 18507 | Lair:3   | Reached skill level 13 in Long Blades
 19238 | D:4      | Bought +1 ice dragon scales for 670 gold pieces
 19885 | Lair:4   | Found a staircase to the Snake Pit.
 20179 | Lair:4   | Noticed a five-headed hydra
 20183 | Lair:4   | Noticed a seven-headed hydra
 20465 | Lair:4   | Killed a seven-headed hydra
 20587 | Lair:4   | Reached skill level 14 in Long Blades
 20911 | Lair:4   | Killed a five-headed hydra
 21003 | Lair:4   | Found a staircase to the Swamp.
 21440 | Lair:5   | Reached XP level 13. HP: 105/105 MP: 16/16
 21528 | Lair:5   | Found a runed translucent door.
 21528 | Lair:5   | Found a viscous altar of Jiyva.
 21528 | Lair:5   | Found a staircase to the Slime Pits.
 22360 | Lair:6   | Entered Level 6 of the Lair of Beasts
 24764 | Lair:6   | Got a faintly glowing mace
 24765 | Lair:6   | Identified the +11 mace of Nightmares {antimagic, +Blink
                  | MR- Str+8 Stlth+} (You found it on level 6 of the Lair of
                  | Beasts)
 25074 | D:11     | Reached XP level 14. HP: 116/116 MP: 17/17
 25196 | D:11     | Found a blossoming altar of Fedhas.
 26929 | D:12     | Found a staircase to the Orcish Mines.
 27160 | D:12     | Reached skill level 1 in Evocations
 28984 | D:12     | Reached skill level 10 in Throwing
 29721 | D:13     | Reached skill level 1 in Stealth
 31005 | D:14     | Noticed Snorg
 31023 | D:14     | Killed Snorg
 31549 | D:14     | Found a gate to the Vaults.
 31575 | D:14     | Reached XP level 15. HP: 54/121 MP: 13/21
 32084 | Orc:1    | Entered Level 1 of the Orcish Mines
 32215 | Orc:2    | Entered Level 2 of the Orcish Mines
 33099 | Orc:2    | Found a staircase to the Elven Halls.
 35011 | Orc:2    | Found Togotzu's Antique Armour Emporium.
 35012 | Orc:2    | Found Daklixza's Antique Weapon Shoppe.
 35013 | Orc:2    | Found Myrgh's General Store.
 35013 | Orc:2    | Found Dogypp's Jewellery Emporium.
 35087 | Orc:2    | Bought smoking ice dragon scales for 1560 gold pieces
 35087 | Orc:2    | Identified the +9 ice dragon scales "Hyxiczer" {rF- rC++
                  | Str+3 Dex-4} (You bought it in a shop on level 2 of the
                  | Orcish Mines)
 35088 | Orc:2    | Bought a bloodstained chain mail for 228 gold pieces
 35088 | Orc:2    | Bought a dazzling chain mail for 228 gold pieces
 35088 | Orc:2    | Identified the +2 chain mail of Damareme {rPois rF+ Str+3}
                  | (You bought it in a shop on level 2 of the Orcish Mines)
 35089 | Orc:2    | Identified the +3 chain mail "Woloaxu" {rF+ Int-3 SInv}
                  | (You bought it in a shop on level 2 of the Orcish Mines)
 35419 | Swamp:1  | Entered Level 1 of the Swamp
 35439 | Swamp:1  | Reached skill level 5 in Evocations
 36095 | Swamp:1  | Noticed Kirke
 36119 | Swamp:1  | Killed Kirke
 36126 | Swamp:1  | Reached skill level 15 in Long Blades
 36490 | Swamp:1  | You fall into a shaft and drop 1 floor!
 37589 | Swamp:2  | Identified a scroll of acquirement
 38435 | Swamp:3  | Reached XP level 16. HP: 130/130 MP: 23/23
 38633 | Swamp:3  | Reached skill level 10 in Armour
 39066 | Swamp:3  | Found a transporter.
 39531 | Swamp:3  | Found a transporter.
 39830 | Swamp:3  | HP: 4/132 [swamp worm/harpoon shot (6)]
 39830 | Swamp:3  | Collided with a briar patch

Illustrated notes

Levels and vault maps discovered:
D:1:      dpeg_arrival_arbitrary_c, layout_basic, moated_statue
D:2:      minmay_alternating_diamond, layout_loops_ring,
          lemuel_coloured_pillars_altar, serial_forest,
          infiniplex_forest_lined_corner, infiniplex_forest_straight_3,
          infiniplex_forest_lined_room_2, infiniplex_forest_lined_3_way,
          minmay_misc_feat_doors
D:3:      minmay_recursive_quarters, layout_basic, tgw_sif,
          lemuel_crystal_altar, ebering_ghost_disaster_area
D:4:      cheibrodos_barr_body, layout_loops_corners, gammafunk_ghost_cemetery,
          first_ration, serial_shops, nicolae_shop_trees, minmay_hedge_maze,
          uniq_grinder, uniq_menkaure, uniq_blork_the_orc, uniq_duvessa
D:5:      layout_rooms, serial_co_window_serial, co_window_paths_a,
          co_window_paths_a, co_window_of_opportunity_a, co_window_corner_a,
          co_window_paths_b, co_window_corner_a, co_window_corner_a,
          co_window_paths_c, co_window_unsneaky_path_d, co_window_cross_3,
          co_window_broadway_c, co_window_paths_c, co_window_4corner_b,
          glass_columns_b, glass_columns_a, glass_columns_a, glass_columns_b,
          uniq_sigmund
D:6:      minmay_chambers_of_threes, layout_loops_corners, temple_hall,
          serial_shops, shop_fountains, uniq_crazy_yiuf_cottage
D:7:      minmay_cornered_nines, layout_basic, nicolae_overflow_crystal_walls,
          serial_shops, nicolae_shop_overgrown_old_shop
D:8:      layout_cave_pools, lair_entry_dummy
D:9:      layout_gridville, grunt_temple_overflow_bloody_war,
          hangedman_little_slice_of_home, nicolae_gozag_zags_fifth_avenue
D:10:     minmay_spotlight, layout_basic, gammafunk_ghost_berserking_beasts
D:11:     cheibrodos_frozen_isle, layout_rooms, fedhas_altar_3
D:12:     minmay_elf_outpost, layout_grid_maze, zombieorc2_lemuel,
          skrybe_limestone_x
D:13:     layout_loops_ring, nicolae_looking_at_the_future
D:14:     layout_long_grid, hangedman_vaults_entry_quadrant_bands,
          minmay_misc_feat_four_crosses, kennysheep_generic_room_4, uniq_snorg
Lair:1:   beast_lair_carwin_large_3, layout_cave_pods, gammafunk_ghost_ooze,
          serial_bayou_shore_b, lemuel_fruit_tree, uniq_grum
Lair:2:   layout_layer_cave
Lair:3:   layout_gridlike, chequers_serial_rivers_room_a, wad_woods_02,
          infiniplex_staircase_pool, minmay_lair_oklob_chamber
Lair:4:   layout_gridlike, palyth_hydra_swamp_entry,
          guppyfry_snake_entry_island, grunt_megastairs_1,
          infiniplex_staircase_pool_2
Lair:5:   layout_big_grid, slime_altar_2, chequers_serial_rivers_room_a
Lair:6:   minmay_lair_end_enchanted_forest, layout_small_grid, fungi_pond_lemuel
Swamp:1:  layout_basic_swamp, evilmike_swamp_ruin_house_5, uniq_kirke
Swamp:2:  layout_falls_marsh, evilmike_swamp_ruin_house_2, swamp_pool2
Swamp:3:  gammafunk_worm_tunnel, layout_basic_swamp,
          evilmike_swamp_ruin_house_1, hangedman_swamp_blocks
Orc:1:    nicolae_orc_accident_1, layout_caves
Orc:2:    st_orc_congregation, layout_caves, elf_legates

Skill      XL: |  1  2  3  4  5  6  7  8  9 10 11 12 13 14 15 16 |
---------------+-------------------------------------------------+-----
Fighting       | 2 4 5 7 8 |  8.4
Throwing       | 2 3 4 5 6 8 10 11 12 | 12.0
Dodging        | 3 4 5 6 7 8 10 12 13 14 | 14.5
Long Blades    | 3 4 5 6 8 9 11 14 15 | 15.3
Armour         | 1 2 3 5 8 9 10 | 10.1
Shields        | 1 4 |  4.0
Evocations     | 3 5 |  5.0
Stealth        | 2 |  2.0

Action                   |  1- 3 |  4- 6 |  7- 9 | 10-12 | 13-15 | 16-18 || total
-------------------------+-------+-------+-------+-------+-------+-------++-------
Melee: Long sword        |   101 |   245 |   231 |       |    58 |    43 ||   678
       Scimitar          |       |       |   229 |   972 |  2281 |   175 ||  3657
       Falchion          |       |       |       |    42 |   127 |       ||   169
       Unarmed           |       |       |       |       |    10 |       ||    10
Throw: Throwing net      |       |     5 |     3 |       |       |       ||     8
       Stone             |       |     4 |    18 |    46 |   386 |       ||   454
       Dart              |       |       |     7 |    12 |     7 |       ||    26
       Boomerang         |       |       |       |    65 |    45 |     9 ||   119
       Javelin           |       |       |       |       |    19 |       ||    19
 Abil: Evoke Blink       |       |       |       |    21 |    10 |       ||    31
Evoke: Wand              |       |       |       |    13 |    23 |     1 ||    37
       Lightning rod     |       |       |       |     8 |    16 |     1 ||    25
  Use: Scroll            |       |     6 |    11 |    13 |     9 |     1 ||    40
       Potion            |       |     4 |     3 |     3 |     2 |     3 ||    15
 Stab: Sleeping          |     1 |     4 |     1 |       |     6 |       ||    12
       Held in net/web   |       |     2 |     4 |       |       |       ||     6
       Invisible         |       |       |    10 |     8 |       |       ||    18
       Paralysed         |       |       |       |     9 |     4 |       ||    13
       Petrifying        |       |       |       |       |     2 |       ||     2
       Confused          |       |       |       |       |    11 |     1 ||    12
  Eat: Chunk             |     2 |    11 |    22 |    23 |    42 |     4 ||   104
       Ration            |       |       |     1 |     4 |     5 |       ||    10
Armor: Leather armour    |    24 |     5 |       |       |       |       ||    29
       Scale mail        |       |    97 |   103 |   259 |       |       ||   459
       Ring mail         |       |       |    44 |       |       |       ||    44
       Ice dragon scales |       |       |       |    83 |   561 |    87 ||   731
       Chain mail        |       |       |       |       |       |     6 ||     6
Dodge: Dodged            |   100 |   183 |   268 |   865 |  2302 |   273 ||  3991
Block: Buckler           |       |       |    82 |   355 |   798 |    78 ||  1313
       Rpst.: Long sword |    35 |    56 |    53 |       |    11 |    12 ||   167
       Scimitar          |       |       |    44 |   241 |   518 |    33 ||   836
       Falchion          |       |       |       |     3 |    31 |       ||    34
